 Dungeon Crawl Stone Soup version 0.27-a0-836-gfc908b8576 (webtiles) character file.

Game seed: 14722435255654883790

74 Aviak the Skirmisher (level 4, 0/37 HPs)
             Began as a Djinni Monk on Apr 1, 2021.
             Slain by an adder (3 damage)
             ... on level 2 of the Dungeon.
             The game lasted 00:02:49 (2257 turns).

Aviak the Skirmisher (Djinni Monk)                  Turns: 2257, Time: 00:02:50

Health: 0/37       AC:  3    Str: 10    XL:     4   Next: 28%
Gold:   51         EV: 12    Int: 12    God:
                   SH:  0    Dex: 16

rFire    + + .     SeeInvis .   a - +0 falchion
rCold    x . .     Faith    .   (no shield)
rNeg     . . .     Spirit   .   d - +0 leather armour
rPois    ∞         Reflect  .   (no helmet)
rElec    .         Harm     .   (no cloak)
rCorr    .         Rampage  .   (no gloves)
Will     .....                  (boots unavailable)
Stlth    ++........             (no amulet)
HPRegen  0.12/turn              (no ring)
MPRegen  0.00/turn              (no ring)

@: flying
A: fire resistance 2, cold vulnerability 1, float, innate caster, hp casting,
extra vitality 1
a: no special abilities


You were on level 2 of the Dungeon.
You visited 1 branch of the dungeon, and saw 2 of its levels.

You collected 106 gold pieces.
You spent 55 gold pieces at shops.

Inventory:

Hand Weapons
 a - a +0 falchion (weapon)
Armour
 b - a +0 robe
 d - a +0 leather armour (worn)
Scrolls
 c - a scroll of enchant armour
 h - a scroll of immolation {unknown}
Potions
 e - a potion of brilliance {unknown}
 i - a potion of berserk rage {unknown}


   Skills:
 + Level 3.7 Fighting
 + Level 3.4 Long Blades
 - Level 3.2 Dodging
 - Level 1.5 Stealth
 + Level 1.6 Spellcasting


You had 5 spell levels left.
You knew the following spells:

 Your Spells              Type           Power      Damage    Failure   Level
a - Animate Skeleton      Necr           8%         N/A       21%         1
Your spell library was empty.

Dungeon Overview and Level Annotations

Branches:
Dungeon (2/15)

Altars:

Shops:
D:2 ?


Innate Abilities, Weirdness & Mutations

You are immune to poison.
Your flesh is very heat resistant. (rF++)
You are vulnerable to cold. (rC-)
You float through the air rather than walking.
You learn spells naturally, not from books.
Your magical power is your life essence.
You have superior vitality. (+4 HP)


Message History

You completely miss the adder. The adder bites you but does no damage.
The goblin hits you but does no damage. The adder completely misses you.
You riposte.
The hobgoblin shouts!
You hit the adder.
The adder is lightly wounded.
The kobold hits you but does no damage.
You hit the adder.
The adder is moderately wounded.
The goblin hits you but does no damage. The adder bites you but does no damage.
The kobold hits you with a +0 short sword.
You miss the adder.
The adder is moderately wounded.
The adder bites you but does no damage. The goblin hits you but does no damage.
The kobold hits you but does no damage. The adder bites you.
The goblin completely misses you.
You riposte.
You barely miss the goblin. You miss the adder.
The adder is moderately wounded.
The adder bites you but does no damage. The kobold hits you but does no damage.
The goblin hits you but does no damage.
You hit the adder.
The adder is heavily wounded.
The adder bites you but does no damage. The kobold hits you but does no damage.
The adder bites you but does no damage. The goblin hits you but does no damage.
You hit the adder.
The adder is severely wounded.
You feel less wooden.
Your +0 leather armour unmelds from your body.
The kobold hits you with a +0 short sword.
* * * LOW HITPOINT WARNING * * *
The adder barely misses you.
You riposte.
You hit the adder.
The adder is almost dead.
The kobold hits you with a +0 short sword.
* * * LOW HITPOINT WARNING * * *
You barely miss the adder.
The adder is almost dead.
The adder barely misses you. The goblin hits you with a +0 club.
* * * LOW HITPOINT WARNING * * *
The adder bites you.
You die...

##r# ######. ##.# . ...
......... ... .. #.# #........
#.# ... #.#######........ #..
....####............... #..
....................... #..
...................# #..
.............gg....# ########
..........r..K@....# #.......
.............S.....#####.######
....#############...........#..
... #...........#.# ..
#...........#.# .
########.####.# #.# #.# #.# #.#
##.####..


You could see an adder, a quokka, a hobgoblin, a goblin and a kobold.

Vanquished Creatures
  3 adders (D:2)
  A dart slug (D:1)
  7 ball pythons
  3 bats
  3 endoplasms
  A giant cockroach (D:1)
  4 hobgoblins (D:1)
  2 jackals (D:2)
  4 kobolds (D:1)
  3 quokkas
  2 frilled lizards (D:2)
  5 goblins (D:1)
  3 rats
41 creatures vanquished.

Vanquished Creatures (others)
  3 plants (D:1)
3 creatures vanquished.

Grand Total: 44 creatures vanquished

Notes
Turn   | Place    | Note
-------+----------+-------------------------------------------
     0 | D:1      | Aviak the Djinni Monk began the quest for the Orb.
     0 | D:1      | Reached XP level 1. HP: 20/20 MP: 0/0
   338 | D:1      | Reached XP level 2. HP: 24/25 MP: 0/0
   802 | D:1      | Reached skill level 1 in Spellcasting
   802 | D:1      | Reached XP level 3. HP: 30/30 MP: 0/0
   802 | D:1      | Learned a level 1 spell: Animate Skeleton
  1659 | D:2      | Found Luaxtezo's Magic Scroll Shop.
  1663 | D:2      | Bought a scroll of identify for 20 gold pieces
  1663 | D:2      | Bought a scroll of fear for 35 gold pieces
  1799 | D:2      | Noticed a bullfrog
  2234 | D:2      | Reached XP level 4. HP: 33/37 MP: 0/0
  2257 | D:2      | Slain by an adder

Illustrated notes

Levels and vault maps discovered:
D:1:      dpeg_arrival_stone_temple_mockup, layout_loops_ring, serial_forest,
          infiniplex_forest_end_2, infiniplex_forest_zigzag_1,
          infiniplex_forest_end_2, infiniplex_forest_end_2,
          infiniplex_forest_lined_room_, infiniplex_forest_join
D:2:      layout_basic, serial_shops, nicolae_shop_behind_doors

Skill      XL: |  1  2 |
---------------+-------+-----
Long Blades    | 3 |  3.4
Spellcasting   | 1 |  1.6
Fighting       | |  3.7
Dodging        | |  3.2
Stealth        | |  1.5

Action                   |  1- 3 |  4- 6 || total
-------------------------+-------+-------++-------
Melee: Falchion          |   110 |    24 ||   134
 Cast: Animate Skeleton  |     4 |       ||     4
  Use: Scroll            |     3 |       ||     3
       Potion            |     1 |       ||     1
 Stab: Sleeping          |     6 |       ||     6
Armor: Leather armour    |    27 |       ||    27
       Skin              |     6 |    63 ||    69
Dodge: Dodged            |    73 |    10 ||    83
       Rpst.: Falchion   |    25 |     3 ||    28

Table legend: (Time is in decaauts)
 A = Elapsed time spent in this place.
 B = Non-inter-level travel time spent in this place.
 C = Inter-level travel time spent in this place.
 D = Time resting spent in this place.
 E = Time spent auto-exploring this place.
 F = Levels seen in this place.
 G = Mean time per level.
                   A        B        C        D        E       F      G
               +--------+--------+--------+--------+--------+-----+--------+
         Total |   2277 |   2212 |     65 |    386 |   1435 |   2 | 1138.5 |
       Dungeon |   2277 |   2212 |     65 |    386 |   1435 |   2 | 1138.5 |
               +--------+--------+--------+--------+--------+-----+--------+

Top non-repeatable levels by time:
     D:1: 1941 daAuts
     D:2: 336 daAuts
